 Seeded DCSS version 0.31-a0-233-g139696dc86 (webtiles) character file.

Game seed: 13427028259722252286 (custom seed)

14170 innerfire43 the Cleaver (level 11, -2/89 HPs)
             Began as a Demonspawn Monk on July 8, 2023.
             Slain by Frances
             ... wielding a +0 long sword
              (32 damage)
             ... on level 12 of the Dungeon.
             The game lasted 00:30:12 (10214 turns).

innerfire43 the Cleaver (Demonspawn Monk)          Turns: 10214, Time: 00:30:12

Health: -2/89      AC: 13    Str: 15    XL:     11   Next: 85%
Magic:  19/19      EV: 21    Int: 13    God:
Gold:   811        SH:  0    Dex: 15    Spells: 19/21 levels left

rFire   . . .        G - +7 war axe
rCold   . . .        d - orb {light}
rNeg    . . .        I - +1 troll leather armour
rPois   .            r - +0 helmet
rElec   .            O - +2 cloak
rCorr   .            h - +0 pair of gloves
SInv    .            o - +0 pair of boots
Will    .....        (no amulet)
Stlth   +            D - +4 ring of slaying
HPRegen 1.14/turn    y - +5 ring of evasion
MPRegen 0.16/turn

%: no passive effects
@: glowing
A: thin metallic scales 1, demonic guardian 2, powered by pain 1, weakness
stinger 2
a: no special abilities


You were on level 12 of the Dungeon.
You visited 2 branches of the dungeon, and saw 13 of its levels.
You also visited: Sewer and Ossuary.

You collected 811 gold pieces.

Inventory:

Hand Weapons
 a - a +0 hand axe
 s - a +0 war axe
 G - a +7 war axe (weapon)
 L - a +5 hand axe
Missiles
 J - 2 throwing nets
Armour
 b - a +0 robe
 d - an orb of light (worn)
 g - a +0 cloak
 h - a +0 pair of gloves (worn)
 o - a +0 pair of boots (worn)
 r - a +0 helmet (worn)
 I - a +1 troll leather armour (worn)
 O - a +2 cloak (worn)
Jewellery
 l - a ring of willpower
 p - a +6 ring of strength
 t - a +4 ring of protection
 y - a +5 ring of evasion (right hand)
 D - a +4 ring of slaying (left hand)
 E - the ring of Otweirou {Will++ Int+6 Dex+4}
   (You found it on level 5 of the Dungeon)

   [ring of intelligence]

   Int:       It affects your intelligence (+6).
   Dex:       It affects your dexterity (+4).
   Will:      It greatly increases your willpower.
 K - a +6 ring of intelligence
Wands
 q - a wand of mindburst (15)
 H - a wand of charming (22)
 N - a wand of roots (3)
 Q - a wand of polymorph (7)
 S - a wand of flame (11)
Scrolls
 f - a scroll of amnesia
 i - a scroll of revelation
 k - 7 scrolls of teleportation
 m - 2 scrolls of poison
 v - a scroll of enchant armour
 C - 4 scrolls of fog
 T - a scroll of torment {unknown}
 U - 2 scrolls of identify
Potions
 c - a potion of ambrosia
 e - 3 potions of attraction
 j - 3 potions of resistance
 n - 5 potions of cancellation {unknown}
 w - 2 potions of mutation {unknown}
 x - a potion of brilliance
 z - a potion of magic
 A - 2 potions of might
 B - 3 potions of enlightenment
 F - 3 potions of lignification
 M - a potion of haste {unknown}
 P - 2 potions of curing
 R - a potion of degeneration


   Skills:
 + Level 9.5 Fighting
 + Level 11.0 Axes
 + Level 8.7 Dodging
 * Level 5.8 Spellcasting
 * Level 5.6 Transmutations


You had 19 spell levels left.
You knew the following spells:

 Your Spells              Type           Power      Damage    Failure   Level
a - Wereblood             Tmut           18%        N/A       3%          2

Your spell library contained the following spells:

 Spells                   Type           Power      Damage    Failure   Level
 Beastly Appendage        Tmut           36%        N/A       1%          1
 Spider Form              Tmut/Pois      11%        N/A       21%         3
 Foxfire                  Conj/Fire      12%        2x1d4     22%         1
 Shock                    Conj/Air       12%        1d3       22%         1
 Dazzling Flash           Conj/Hex       6%         N/A       54%         3
 Frozen Ramparts          Ice            6%         1d1       54%         3
 Vhi's Electric Charge    Tloc/Air       6%         N/A       54%         3
 Ice Form                 Ice/Tmut       11%        N/A       54%         4
 Olgreb's Toxic Radiance  Pois           3%         N/A       91%         4
 Summon Ice Beast         Ice/Summ       3%         N/A       91%         4
 Agony                    Necr           3%         N/A       99%         5
 Arcjolt                  Conj/Air       1%         1d11      99%         5
 Silence                  Hex/Air        1%         N/A       99%         5
 Plasma Beam              Fire/Air       1%         2x1d11    100%        6
 Discord                  Hex            1%         N/A       100%        8
 Ignition                 Fire           1%         3d3       100%        8


Dungeon Overview and Level Annotations

Branches:
Dungeon (12/15)            Temple (1/1) D:5            Lair (0/5) D:8
    Orc (0/2) D:9           Sewer (visited)         Ossuary (visited)

Altars:
Ashenzari
Cheibriados
Dithmenos
Fedhas
Hepliaklqana
Kikubaaqudgha
Makhleb
Nemelex Xobeh
Okawaru
Qazlal
Ru
Sif Muna
Uskayaw
Vehumet
Wu Jian
Xom
Yredelemnul

Shops:
D:1 (   D:2 :   D:7 (   D:8 *

Portals:
Abyss: D:4

Annotations:
D:4 2 transporters, knightboat's ghost, amateur DgHs
D:12 Frances


Innate Abilities, Weirdness & Mutations

You are partially covered in thin metallic scales. (AC +2)
A demonic guardian rushes to your aid.
You sometimes gain a little power by taking damage.
You have a tail ending in a sharp stinger.


Message History

A purple ugly thing comes into view.
Found a wand of flame (10) and a spear.
The purple ugly thing gurgles horribly!
Frances, Duchess of Pandemonium comes into view.
She is wielding a +0 long sword.
Frances whispers indecipherable words.
There are monsters nearby!
There are monsters nearby!
You barely miss the purple ugly thing.
The purple ugly thing barely misses you.
You slash the purple ugly thing!
Your tail-slap misses the purple ugly thing.
The purple ugly thing is lightly wounded.
The purple ugly thing closely misses you.
You slash the purple ugly thing!
The purple ugly thing is heavily wounded.
Frances whispers indecipherable words.
Frances seems to speed up.
The purple ugly thing misses you.
You hit the purple ugly thing.
The purple ugly thing is heavily wounded.
You barely miss the purple ugly thing.
The purple ugly thing is heavily wounded.
The purple ugly thing pecks you!
Frances mutters in a terrible tongue.
You barely miss the purple ugly thing. You tail-slap the purple ugly thing.
The purple ugly thing is heavily wounded.
The purple ugly thing completely misses you.
You barely miss the purple ugly thing.
The purple ugly thing is heavily wounded.
You slash Frances!
You hit the chaos spawn but do no damage.
Frances chants phrases taken from a devil's mouth.
The entropic shot hits you!!
The purple ugly thing closely misses you.
Frances hits you with a +0 long sword!
You slash the sixfirhy! You tail-slap the sixfirhy.
The sixfirhy is heavily wounded.
You slash the purple ugly thing! You slash Frances! The sixfirhy hits you!
The sixfirhy shocks you! The sixfirhy misses you. x2
Frances hits you with a +0 long sword!!
You die...

# # ## # ##### ...
####. #../.### ...)
..... +.....>##....
###.. ###............
# ............# #
.......u@...#
.......@344.# #
#+##+##.....# #######
#.#....### #......
#.#)....#
..###########.#.....#
#.....#.............#
'.....#......###....#
#.....#......###+####
####..#............#


You could see Frances (fast), a purple ugly thing, an ice devil (summoned), a
sixfirhy (summoned) and a chaos spawn (summoned).

Vanquished Creatures
  A boulder beetle (D:12)
  A cyclops (D:11)
  A manticore (D:11)
  Maurice (D:8)
  3 gargoyles
  2 komodo dragons
  5 trolls
  Prince Ribbit (D:7)
  A hornet (D:10)
  5 slime creatures (D:12)
  2 shadows
  2 vampires (D:11)
  3 fire elementals (D:12)
  A wraith (D:11)
  A wyvern (D:8)
  Grum (D:9)
  4 steam dragons
  2 vampire mosquitoes (D:12)
  Menkaure (D:6)
  An acid dragon (D:12)
  A hell hound (D:12)
  6 orc warriors
  3 wolves (D:9)
  An ogre (D:4)
  7 centaurs
  2 phantoms
  A bullfrog (D:8)
  An elf zombie (Ossuary)
  3 kobold brigands
  3 gnoll sergeants
  7 wights
  11 killer bees
  A howler monkey (D:8)
  A human zombie (Ossuary)
  8 orc priests
  5 hounds
  4 jellies
  5 sleepcaps
  An iguana (D:6)
  Natasha (D:2)
  17 orc wizards
  4 mummies (Ossuary)
  17 gnolls
  7 adders
  A shadow imp (D:5)
  5 ufetubi
  A worm (D:4)
  3 dart slugs
  36 orcs
  6 bats
  7 endoplasms
  6 giant cockroaches
  7 goblins
  3 hobgoblins
  4 quokkas
  6 ball pythons
  6 frilled lizards
  3 gnoll zombies (Ossuary)
  A goblin zombie (Ossuary)
  2 hobgoblin zombies (Ossuary)
  43 kobolds
  2 kobold zombies (Ossuary)
  An orc zombie (Ossuary)
  10 rats
  3 rat zombies
312 creatures vanquished.

Vanquished Creatures (collateral kills)
  Azrael (D:12)
  2 slime creatures (D:12)
  A water elemental (D:12)
  2 orc warriors (D:9)
  An orc priest (D:9)
  A jelly (D:3)
  An adder (D:3)
  3 orcs
  An endoplasm (D:3)
  A kobold (D:3)
14 creatures vanquished.

Vanquished Creatures (others)
  A gargoyle (D:12)
1 creature vanquished.

Grand Total: 327 creatures vanquished

Notes
Turn   | Place    | Note
-------+----------+-------------------------------------------
     0 | D:1      | innerfire43 the Demonspawn Monk began the quest for the
                  | Orb.
     0 | D:1      | Reached XP level 1. HP: 18/18 MP: 1/1
   177 | D:1      | Gained mutation: You are partially covered in thin metallic
                  | scales. (AC +2) [demonic ancestry]
   177 | D:1      | Reached XP level 2. HP: 22/24 MP: 2/2
   292 | D:1      | Reached skill level 3 in Axes
   308 | D:1      | Found Foghidol's Weapon Shoppe.
   715 | D:1      | Gained mutation: A weak demonic guardian rushes to your
                  | aid. [demonic ancestry]
   715 | D:1      | Reached XP level 3. HP: 24/29 MP: 3/3
  1273 | D:2      | Found Demuomoto's Book Emporium.
  1400 | D:2      | Noticed Natasha
  1414 | D:2      | Killed Natasha
  1627 | D:2      | Reached XP level 4. HP: 37/37 MP: 4/4
  2343 | D:3      | Reached XP level 5. HP: 35/42 MP: 5/5
  2806 | D:4      | Reached skill level 4 in Axes
  2872 | D:4      | Found a transporter.
  2876 | D:4      | Found a transporter.
  2886 | D:4      | Noticed a toenail golem
  2899 | D:4      | Found a one-way gate to the infinite horrors of the Abyss.
  2899 | D:4      | Noticed knightboat's ghost (amateur DgHs)
  2900 | D:4      | Noticed a small abomination
  2900 | D:4      | Noticed an ogre
  2908 | D:4      | Killed an ogre
  2909 | D:4      | Gained mutation: You have a small tail. [demonic ancestry]
  2909 | D:4      | Reached XP level 6. HP: 26/49 MP: 6/6
  3355 | D:4      | Reached skill level 5 in Axes
  3416 | D:4      | Found a glowing drain.
  3438 | Sewer    | Entered a sewer
  3959 | D:5      | Entered Level 5 of the Dungeon
  4025 | D:5      | Gained mutation: You have a tail ending in a sharp stinger.
                  | [demonic ancestry]
  4025 | D:5      | Reached XP level 7. HP: 54/55 MP: 7/7
  4100 | D:5      | Found a sand-covered staircase.
  4111 | Ossuary  | Entered an ossuary
  4129 | Ossuary  | Reached skill level 5 in Fighting
  4363 | D:5      | Identified the ring of Otweirou {Will++ Int+6 Dex+4}
  4484 | D:5      | Found a staircase to the Ecumenical Temple.
  4589 | Temple   | Entered the Ecumenical Temple
  4757 | D:5      | Reached skill level 6 in Axes
  5042 | D:6      | Noticed a steam dragon
  5050 | D:6      | Killed a steam dragon
  5051 | D:6      | Reached skill level 5 in Dodging
  5068 | D:6      | Gained mutation: You sometimes gain a little power by
                  | taking damage. [demonic ancestry]
  5068 | D:6      | Reached XP level 8. HP: 40/63 MP: 8/8
  5524 | D:6      | Reached skill level 7 in Axes
  5583 | D:6      | Noticed Menkaure
  5588 | D:6      | Killed Menkaure
  6209 | D:7      | Found Haontog's Antique Weapon Emporium.
  6421 | D:7      | Noticed Prince Ribbit
  6432 | D:7      | Killed Prince Ribbit
  6483 | D:7      | Noticed a troll
  6486 | D:7      | Reached skill level 8 in Axes
  6486 | D:7      | Gained mutation: A demonic guardian rushes to your aid.
                  | [demonic ancestry]
  6486 | D:7      | Reached XP level 9. HP: 68/71 MP: 9/9
  6491 | D:7      | Killed a troll
  7185 | D:8      | Found Roinoc's Lightly-Used Armoury.
  7427 | D:8      | Reached skill level 9 in Axes
  7615 | D:8      | Noticed Maurice
  7623 | D:8      | Killed Maurice
  7778 | D:8      | Found a staircase to the Lair.
  7779 | D:8      | Noticed a komodo dragon
  7793 | D:8      | Killed a komodo dragon
  7794 | D:8      | Reached XP level 10. HP: 60/80 MP: 10/10
  8038 | D:9      | Noticed Grum
  8046 | D:9      | Killed Grum
  8048 | D:9      | Reached skill level 10 in Axes
  8199 | D:9      | Reached skill level 1 in Spellcasting
  8214 | D:9      | Learned a level 2 spell: Wereblood
  8384 | D:9      | Reached skill level 1 in Transmutations
  8542 | D:9      | Found a staircase to the Orcish Mines.
  8635 | D:10     | Entered Level 10 of the Dungeon
  8821 | D:10     | Found an ancient bone altar of Kikubaaqudgha.
  9206 | D:11     | Noticed a manticore
  9213 | D:11     | Killed a manticore
  9214 | D:11     | Reached XP level 11. HP: 78/87 MP: 13/16
  9245 | D:11     | Got Spellweaving for Beginners
  9308 | D:11     | Identified the +0 ring mail of Distant Shores {-Cast
                  | Will+++ Regen+ Dex+5}
  9871 | D:12     | Noticed Azrael
  9881 | D:12     | Killed Azrael
  9883 | D:12     | Reached skill level 5 in Spellcasting
  9890 | D:12     | Reached skill level 5 in Transmutations
 10099 | D:12     | Noticed a boulder beetle
 10119 | D:12     | Killed a boulder beetle
 10120 | D:12     | Reached skill level 11 in Axes
 10204 | D:12     | Noticed a purple ugly thing
 10204 | D:12     | Noticed Frances
 10212 | D:12     | Noticed a sixfirhy
 10214 | D:12     | Slain by Frances

Illustrated notes

Levels and vault maps discovered:
D:1:      nzn_arrival_depleted_hourglass, layout_basic, serial_shops, shop,
          nicolae_houndstooth_variations
D:2:      layout_basic, serial_shops, nicolae_shop_getting_attention,
          uniq_natasha
D:3:      layout_basic
D:4:      minmay_angry_zag, layout_cave_pools, cheibrodos_sewer_entry_bend,
          gammafunk_ghost_abyssal_escape
D:5:      layout_basic, minmay_temple_entry_slanted, enter_ossuary_3
D:6:      layout_cave_pods, palyth_stone_intersect, uniq_menkaure
D:7:      layout_cave_pods, serial_shops, shop, serial_park_tiny_1,
          kennysheep_boxes, uniq_prince_ribbit1
D:8:      kennysheep_steamy, layout_loops_cross, david_lair_shrubbed,
          minmay_shop_damaged, uniq_maurice
D:9:      layout_roguey, david_orc_4, uniq_grum
D:10:     layout_rooms, kiku_gazebo_garden_becter, small_statue_alley_b
D:11:     layout_grid_maze
D:12:     statuecave_lemuel, layout_basic, uniq_azrael, uniq_frances
Temple:   nicolae_temple_bog_church

Skill      XL: |  1  2  3  4  5  6  7  8  9 10 11 |
---------------+----------------------------------+-----
Axes           | 3 4 5 6 8 9 10 11 | 11.0
Dodging        | 3 4 5 6 7 8 |  8.7
Fighting       | 4 5 6 7 8 9 |  9.5
Spellcasting   | 3 5 |  5.8
Transmutations | 3 5 |  5.6

Action                     |  1- 3 |  4- 6 |  7- 9 | 10-12 || total
---------------------------+-------+-------+-------+-------++-------
  Melee: Hand axe          |   102 |    36 |       |       ||   138
         War axe           |       |   111 |   241 |   222 ||   574
         Tailslap          |       |    13 |    53 |    45 ||   111
   Cast: Wereblood         |       |       |       |     5 ||     5
    Use: Scroll            |       |     1 |    12 |     8 ||    21
         Potion            |       |       |       |     7 ||     7
   Stab: Sleeping          |     1 |       |       |       ||     1
         Distracted        |       |       |       |     1 ||     1
 Armour: Robe              |    32 |    51 |    42 |       ||   125
         Troll leather arm |       |       |    13 |    73 ||    86
  Dodge: Dodged            |    84 |   129 |   229 |   298 ||   740

Table legend: (Time is in decaauts)
 A = Elapsed time spent in this place.
 B = Non-inter-level travel time spent in this place.
 C = Inter-level travel time spent in this place.
 D = Time resting spent in this place.
 E = Time spent auto-exploring this place.
 F = Levels seen in this place.
 G = Mean time per level.
                   A        B        C        D        E       F      G
               +--------+--------+--------+--------+--------+-----+--------+
         Total |  10323 |   9674 |    649 |      0 |   7660 |  15 |  688.2 |
       Dungeon |   9766 |   9138 |    628 |      0 |   7327 |  12 |  813.8 |
        Temple |     59 |     38 |     21 |      0 |     25 |   1 |   59.0 |
         Sewer |    246 |    246 |      0 |      0 |    130 |   1 |  246.0 |
       Ossuary |    250 |    250 |      0 |      0 |    177 |   1 |  250.0 |
               +--------+--------+--------+--------+--------+-----+--------+

Top non-repeatable levels by time:
     D:6: 1171 daAuts
     D:1: 1062 daAuts
     D:2: 1019 daAuts
     D:4: 966 daAuts
     D:7: 919 daAuts
     D:8: 836 daAuts
     D:5: 769 daAuts
     D:3: 744 daAuts
     D:9: 700 daAuts
    D:11: 662 daAuts
    D:10: 571 daAuts
    D:12: 342 daAuts
 Ossuary: 250 daAuts
   Sewer: 246 daAuts
  Temple: 59 daAuts
